 Dungeon Crawl Stone Soup version 0.25-a0-420-g1cc7eeb0d1 (webtiles) character file.

Game seed: 5296291498546954341, levelgen mode: deterministic

53 BeastOfSaturn the Insei (level 3, -1/26 HPs)
             Began as a Demonspawn Transmuter on Jan 18, 2020.
             Slain by a goblin (2 damage)
             ... on level 2 of the Dungeon.
             The game lasted 00:07:49 (2323 turns).

BeastOfSaturn the Insei (Demonspawn Transmuter)     Turns: 2323, Time: 00:07:50

Health: -1/26      AC:  2    Str: 11    XL:     3   Next: 64%
Magic:  0/6        EV: 12    Int: 14    God:
Gold:   49         SH:  0    Dex: 13    Spells: 5/6 levels left

rFire    . . .     SeeInvis .     - Unarmed
rCold    . . .     Gourm    .   (no shield)
rNeg     . . .     Faith    .   b - +0 robe
rPois    .         Spirit   +   (no helmet)
rElec    .         Reflect  .   (no cloak)
rCorr    .         Harm     .   (no gloves)
MR       .....                  (no boots)
Stlth    +.........             (no amulet)
HPRegen  0.08/turn              (no ring)
MPRegen  0.10/turn              (no ring)

@: very slightly contaminated
A: magic shield, sturdy frame 1
a: no special abilities


You were on level 2 of the Dungeon.
You were not hungry.

You visited 1 branch of the dungeon, and saw 3 of its levels.

You collected 49 gold pieces.

Inventory:

Missiles
 a - 25 arrows
Armour
 b - a +0 robe (worn)
 e - a +2 hat
 h - a +0 leather armour
Jewellery
 d - an uncursed amulet of the gourmand {unknown}
Scrolls
 c - a scroll of identify {unknown}
 f - a scroll of random uselessness {unknown}
 j - a scroll of teleportation {unknown}
Potions
 g - a potion of berserk rage {unknown}
 k - a potion of curing {unknown}
 l - a potion of mutation {unknown}
 m - a potion of flight {unknown}
Comestibles
 i - a ration


   Skills:
 + Level 1.0 Fighting
 + Level 2.1 Dodging
 + Level 0.3 Stealth
 * Level 3.7 Unarmed Combat
 + Level 2.3 Spellcasting
 + Level 1.9 Transmutations


You had 5 spell levels left.
You knew the following spells:

 Your Spells              Type           Power        Failure   Level  Hunger
a - Beastly Appendage     Tmut           #.....       11%         1    #......

Your spell library contained the following spells:

 Spells                   Type           Power        Failure   Level  Hunger
 Sticks to Snakes         Tmut           #.......     16%         2    ###....
 Spider Form              Tmut/Pois      #.........   43%         3    ###....
 Ice Form                 Ice/Tmut       #.......     83%         4    #####..
 Blade Hands              Tmut           #.........   96%         5    ######.


Dungeon Overview and Level Annotations

Branches:
Dungeon (3/15)

Altars:
Fedhas
Okawaru
Yredelemnul


Innate Abilities, Weirdness & Mutations

When hurt, damage is shared between your health and your magic reserves.
Your movements are slightly less encumbered by armour. (ER -2)


Message History

The orc is lightly wounded.
The goblin completely misses you. The orc closely misses you.
The worm bites you!
* * * LOW HITPOINT WARNING * * *
You closely miss the orc.
The orc is lightly wounded.
The goblin closely misses you. The orc hits you but does no damage.
You hit the orc.
The orc is almost dead.
The worm closely misses you. The goblin misses you.
You closely miss the orc.
The orc is almost dead.
The orc hits you but does no damage. The goblin barely misses you.
You hit the orc.
You kill the orc!
The worm bites you!
* * * LOW HITPOINT WARNING * * *
The goblin hits you but does no damage. The goblin hits you.
You die...

....#.#..##.#........# #.#
.####................# #.#
.# #......<##.......# #.# .#
####.############# #.## .#
##...########## #..# .#
##.#.#.##......# ##.# .##
#.##.##.#.####.#######.# ..#
#.##.......g>#..>....#.# #.#
#.#####.#..w@#..#......#
#.###......#........#)##.###
...........#..........##.#
#.##.....#.#........####.#
#.##.......###...##.####.#
..##.......# #...##......#
####.......# #############
##._8_..# # #.._..##


You could see a worm and a goblin.

Vanquished Creatures
  2 dart slugs
  2 leopard geckos (D:2)
  4 orcs (D:2)
  8 bats
  A giant cockroach (D:1)
  4 goblins
  3 hobgoblins
  4 jackals (D:2)
  A quokka (D:2)
  A ball python (D:1)
  2 frilled lizards
  3 kobolds (D:2)
  6 rats
41 creatures vanquished.

Notes
Turn   | Place    | Note
-------+----------+-------------------------------------------
     0 | D:1      | BeastOfSaturn the Demonspawn Transmuter began the quest for
                  | the Orb.
     0 | D:1      | Reached XP level 1. HP: 15/15 MP: 3/3
   287 | D:1      | Reached skill level 3 in Unarmed Combat
   290 | D:1      | Gained mutation: When hurt, damage is shared between your
                  | health and your magic reserves. [demonic ancestry]
   290 | D:1      | Reached XP level 2. HP: 21/21 MP: 3/5
  1093 | D:2      | Found a basalt altar of Yredelemnul.
  1093 | D:2      | Found an iron altar of Okawaru.
  1094 | D:2      | Found a blossoming altar of Fedhas.
  1304 | D:2      | Gained mutation: Your movements are slightly less
                  | encumbered by armour. (ER -2) [demonic ancestry]
  1304 | D:2      | Reached XP level 3. HP: 23/26 MP: 4/6
  2322 | D:2      | HP: 1/26 [worm (7)]
  2323 | D:2      | Slain by a goblin

Levels and vault maps discovered:
D:1:      roderic_crop_circles_arrival_small, layout_basic
D:2:      layout_loops_cross, chequers_temple_overflow_statue_of_worship
D:3:      layout_rooms, lemuel_round_altar, overflow_temple_1_default,
          minmay_starry_boxes, uniq_natasha

Skill      XL: |  1 |
---------------+----+-----
Dodging        | 2 |  2.1
Unarmed Combat | 3 |  3.7
Fighting       | |  1.0
Stealth        | |  0.3
Spellcasting   | |  2.3
Transmutations | |  1.9

Action                   || total
-------------------------++-------
Melee: Unarmed           ||   169
       Kick              ||    13
       Headbutt          ||     5
 Cast: Beastly Appendage ||    24
 Stab: Sleeping          ||     1
  Eat: Ration            ||     2
Armor: Robe              ||    40
Dodge: Dodged            ||   131

Table legend:
 A = Non-vault XP
 B = Vault XP
 C = Vault XP percentage of total XP
 D = Non-vault monster count
 E = Vault monster count
 F = Vault count percentage of total count
                 A         B        C        D         E       F
            +---------+---------+-------+---------+---------+-------
      Total |      77 |       0 |   0.0 |      41 |       0 |   0.0
            +---------+---------+-------+---------+---------+-------
        D:1 |      24 |       0 |   0.0 |      14 |       0 |   0.0
        D:2 |      53 |       0 |   0.0 |      27 |       0 |   0.0
            +---------+---------+-------+---------+---------+-------
